TOP OF THE 1ST |
Albuquerque Isotopes batting - Pitching for Iowa Cubs : RHP Ryohei Uda
|
Pitching: RHP Ryohei Uda
|
|
Batting: LHB Alfredo de la Cruz
|
0-0: Foul Ball, location: 2F 0-1: Ball 1-1: Called Strike 1-2: Strikes out looking
|
Batting: RHB Sadataka Kuwahara
|
0-0: Ball 1-0: Swinging Strike 1-1: Ball 2-1: Ground out 5-3 (Groundball, 5D, EV 105.6 MPH)
|
Batting: RHB Chris King
|
0-0: Ball 1-0: Ground out 5-3 (Groundball, 5, EV 85.6 MPH)
|
Top of the 1st over - 0 runs, 0 hits, 0 errors, 0 left on base; Albuquerque 0 - Iowa 0 |
BOTTOM OF THE 1ST |
Iowa Cubs batting - Pitching for Albuquerque Isotopes : RHP Tyler Smith
|
Pitching: RHP Tyler Smith
|
|
Batting: LHB Sumiki Okuhara
|
0-0: Called Strike 0-1: Swinging Strike 0-2: Hit by Pitch
|
Batting: RHB Jon Aguilar
|
0-0: 2-RUN HOME RUN (Flyball, 8RXD, EV 103.1 MPH), Distance : 405 ft
|
Batting: LHB Mark Ingram
|
0-0: Ball 1-0: Foul Ball, location: 2F 1-1: Called Strike 1-2: Ball 2-2: Ball 3-2: Ground out 5-3 (Groundball, 56S, EV 74.4 MPH)
|
Batting: RHB Ricardo Aguinaga
|
0-0: Ball 1-0: Called Strike 1-1: Ground out 6-3 (Groundball, 6S, EV 93.1 MPH)
|
Batting: SHB Gabriel Cruz
|
0-0: Ball 1-0: Ball 2-0: Ball 3-0: Base on Balls
|
Batting: RHB Brian Gargis
|
0-0: Ball 1-0: Ball 2-0: Ball 3-0: Called Strike 3-1: Foul Ball, location: 2F 3-2: Ground out U3 (Groundball, 34, EV 78.8 MPH)
|
Bottom of the 1st over - 2 runs, 1 hit, 0 errors, 1 left on base; Albuquerque 0 - Iowa 2 |
TOP OF THE 2ND |
Albuquerque Isotopes batting - Pitching for Iowa Cubs : RHP Ryohei Uda
|
Batting: SHB Jamel Wright
|
0-0: Fly out, F7 (Line Drive, 78M, EV 97.5 MPH)
|
Batting: RHB Mike Ball
|
0-0: Ball 1-0: Ball 2-0: Foul Ball, location: 2F 2-1: Called Strike 2-2: Foul Ball, location: 2F 2-2: Foul Ball, location: 2F 2-2: Foul Ball, location: 2F 2-2: Strikes out swinging
|
Batting: RHB Joe LaDue
|
0-0: Foul Ball, location: 2F 0-1: SINGLE (Groundball, 3D, EV 105.0 MPH)
|
Batting: RHB Logan Morgan
|
0-0: Ball Joe LaDue is caught stealing 2nd base 2-4
|
Top of the 2nd over - 0 runs, 1 hit, 0 errors, 0 left on base; Albuquerque 0 - Iowa 2 |
BOTTOM OF THE 2ND |
Iowa Cubs batting - Pitching for Albuquerque Isotopes : RHP Tyler Smith
|
Batting: RHB Pat Barton
|
0-0: Foul Ball, location: 2F 0-1: Ground out 5-3 (Groundball, 56S, EV 84.4 MPH)
|
Batting: RHB Rich Thurman
|
0-0: Ball 1-0: Ball 2-0: Ball 3-0: Called Strike 3-1: Base on Balls
|
Batting: RHB Adam Kelliher
|
0-0: Foul Ball, location: 2F 0-1: Ball 1-1: Ball 2-1: Fly out, F8 (Flyball, 8RM, EV 90.0 MPH)
|
Batting: LHB Sumiki Okuhara
|
0-0: Ball 1-0: Called Strike Rich Thurman is caught stealing 2nd base 2-6
|
Bottom of the 2nd over - 0 runs, 0 hits, 0 errors, 0 left on base; Albuquerque 0 - Iowa 2 |
TOP OF THE 3RD |
Albuquerque Isotopes batting - Pitching for Iowa Cubs : RHP Ryohei Uda
|
Batting: RHB Logan Morgan
|
0-0: Ball 1-0: Foul Ball, location: 2F 1-1: Called Strike 1-2: Ball 2-2: Strikes out swinging
|
Batting: SHB Mitchell Greene
|
0-0: Called Strike 0-1: Ball 1-1: Foul Ball, location: 2F 1-2: Foul Ball, location: 2F 1-2: Ball 2-2: Ball 3-2: Ground out 6-3 (Groundball, 6, EV 85.0 MPH)
|
Batting: LHB Pablo Cardona
|
0-0: Ball 1-0: Called Strike 1-1: Ball 2-1: DOUBLE (Flyball, 89XD, EV 98.8 MPH)
|
Batting: LHB Alfredo de la Cruz
|
0-0: Called Strike 0-1: Ground out 4-3 (Groundball, 4, EV 101.2 MPH)
|
Top of the 3rd over - 0 runs, 1 hit, 0 errors, 1 left on base; Albuquerque 0 - Iowa 2 |
BOTTOM OF THE 3RD |
Iowa Cubs batting - Pitching for Albuquerque Isotopes : RHP Tyler Smith
|
Batting: LHB Sumiki Okuhara
|
0-0: Foul Ball, location: 2F 0-1: Ball 1-1: Swinging Strike 1-2: Foul Ball, location: 2F 1-2: Foul Ball, location: 2F 1-2: Strikes out swinging
|
Batting: RHB Jon Aguilar
|
0-0: Ball 1-0: Swinging Strike 1-1: Ball 2-1: Swinging Strike 2-2: Strikes out swinging
|
Batting: LHB Mark Ingram
|
0-0: Called Strike 0-1: Ball 1-1: Called Strike 1-2: Ball 2-2: Fly out, F8 (Line Drive, 8RM, EV 105.0 MPH)
|
Bottom of the 3rd over - 0 runs, 0 hits, 0 errors, 0 left on base; Albuquerque 0 - Iowa 2 |
TOP OF THE 4TH |
Albuquerque Isotopes batting - Pitching for Iowa Cubs : RHP Ryohei Uda
|
Batting: RHB Sadataka Kuwahara
|
0-0: Ball 1-0: Foul Ball, location: 2F 1-1: Foul Ball, location: 2F 1-2: Foul Ball, location: 2F 1-2: Foul Ball, location: 2F 1-2: Fly out, F8 (Line Drive, 8LM, EV 105.6 MPH)
|
Batting: RHB Chris King
|
0-0: Ball 1-0: Ball 2-0: Foul Ball, location: 2F 2-1: Foul Ball, location: 2F 2-2: Foul Ball, location: 2F 2-2: Strikes out looking
|
Batting: SHB Jamel Wright
|
0-0: Foul Ball, location: 2F 0-1: Ball 1-1: Ball 2-1: Swinging Strike 2-2: Foul Ball, location: 2F 2-2: Ball 3-2: Strikes out swinging
|
Top of the 4th over - 0 runs, 0 hits, 0 errors, 0 left on base; Albuquerque 0 - Iowa 2 |
BOTTOM OF THE 4TH |
Iowa Cubs batting - Pitching for Albuquerque Isotopes : RHP Tyler Smith
|
Batting: RHB Ricardo Aguinaga
|
0-0: Ball 1-0: Ball 2-0: SINGLE (Groundball, 4MD, EV 94.4 MPH)
|
Batting: SHB Gabriel Cruz
|
0-0: Foul Ball, location: 2F 0-1: Ball 1-1: Ball 2-1: Ball 3-1: Foul Ball, location: 2F 3-2: Fly out, F8 (Flyball, 8RD, EV 99.4 MPH)
|
Batting: RHB Brian Gargis
|
0-0: Ball 1-0: Foul Ball, location: 2F 1-1: Fly out, F8 (Flyball, 8LXD, EV 98.8 MPH)
|
Batting: RHB Pat Barton
|
0-0: Ball 1-0: Foul Ball, location: 2F 1-1: Ground out 5-3 (Groundball, 56S, EV 81.9 MPH)
|
Bottom of the 4th over - 0 runs, 1 hit, 0 errors, 1 left on base; Albuquerque 0 - Iowa 2 |
TOP OF THE 5TH |
Albuquerque Isotopes batting - Pitching for Iowa Cubs : RHP Ryohei Uda
|
Batting: RHB Mike Ball
|
0-0: Ball 1-0: Reached on error, E5 (Groundball, 56S, EV 90.0 MPH)
|
Batting: RHB Joe LaDue
|
0-0: Ball 1-0: Swinging Strike 1-1: Swinging Strike 1-2: Strikes out looking
|
Batting: RHB Logan Morgan
|
0-0: Ball 1-0: SINGLE (Line Drive, 78S, EV 93.1 MPH) Mike Ball to third
|
Batting: SHB Mitchell Greene
|
0-0: Ball 1-0: Ball 2-0: Fielders Choice at 2nd, 3-6 (Groundball, 3, EV 85.6 MPH) Mike Ball scores
|
Batting: LHB Pablo Cardona
|
0-0: Foul Ball, location: 2F 0-1: Ball 1-1: Called Strike 1-2: Ball 2-2: Foul Ball, location: 2F 2-2: Foul Ball, location: 2F 2-2: Ball 3-2: SINGLE (Line Drive, 6MD, EV 95.0 MPH) Mitchell Greene to second Mitchell Greene to third
|
Batting: LHB Alfredo de la Cruz
|
0-0: Foul Ball, location: 2F 0-1: Foul Ball, location: 2F 0-2: Fly out, F7 (Line Drive, 78M, EV 103.8 MPH)
|
Top of the 5th over - 1 run, 2 hits, 1 error, 2 left on base; Albuquerque 1 - Iowa 2 |
BOTTOM OF THE 5TH |
Iowa Cubs batting - Pitching for Albuquerque Isotopes : RHP Tyler Smith
|
Batting: RHB Rich Thurman
|
0-0: Ball 1-0: Foul Ball, location: 2F 1-1: Ball 2-1: SINGLE (Line Drive, 4MD, EV 97.5 MPH)
|
Batting: RHB Adam Kelliher
|
0-0: Called Strike Rich Thurman steals 2nd base (no throw) 0-1: Ball 1-1: Ball 2-1: Fly out, F8 (Flyball, 8LD, EV 95.0 MPH) Runner from 2nd tags up, OUT at 3rd! 8-5
|
Batting: LHB Sumiki Okuhara
|
0-0: Ball 1-0: Ball 2-0: Ball 3-0: Base on Balls
|
Batting: RHB Jon Aguilar
|
0-0: Ball 1-0: Fly out, F8 (Flyball, 8LM, EV 93.1 MPH)
|
Bottom of the 5th over - 0 runs, 1 hit, 0 errors, 1 left on base; Albuquerque 1 - Iowa 2 |
TOP OF THE 6TH |
Albuquerque Isotopes batting - Pitching for Iowa Cubs : RHP Ryohei Uda
|
Batting: RHB Sadataka Kuwahara
|
0-0: Fly out, F9 (Flyball, 89S, EV 93.8 MPH)
|
Batting: RHB Chris King
|
0-0: Called Strike 0-1: Called Strike 0-2: Ball 1-2: Strikes out looking
|
Batting: SHB Jamel Wright
|
0-0: Ball 1-0: Swinging Strike 1-1: Foul Ball, location: 2F 1-2: Strikes out looking
|
Top of the 6th over - 0 runs, 0 hits, 0 errors, 0 left on base; Albuquerque 1 - Iowa 2 |
BOTTOM OF THE 6TH |
Iowa Cubs batting - Pitching for Albuquerque Isotopes : RHP Tyler Smith
|
Batting: LHB Mark Ingram
|
0-0: Ball 1-0: Foul Ball, location: 2F 1-1: Ground out 4-3 (Groundball, 4, EV 86.2 MPH)
|
Batting: RHB Ricardo Aguinaga
|
0-0: Called Strike 0-1: DOUBLE (Line Drive, 3D, EV 110.6 MPH)
|
Batting: SHB Gabriel Cruz
|
0-0: Swinging Strike 0-1: Ball 1-1: Swinging Strike 1-2: Ground out U3 (Groundball, 34S, EV 89.4 MPH) Ricardo Aguinaga to third
|
Pitching: RHP Paulo Guincho
|
|
Batting: RHB Brian Gargis
|
0-0: Ball 1-0: DOUBLE (Flyball, 89D, EV 94.4 MPH) Ricardo Aguinaga scores
|
Batting: RHB Pat Barton
|
0-0: SINGLE (Groundball, 34S, EV 80.0 MPH) (infield hit) Brian Gargis to third
|
Batting: RHB Rich Thurman
|
0-0: Ball 1-0: Ball 2-0: Ball 3-0: Called Strike 3-1: Ground out 4-3 (Groundball, 4, EV 105.0 MPH)
|
Bottom of the 6th over - 1 run, 3 hits, 0 errors, 2 left on base; Albuquerque 1 - Iowa 3 |
TOP OF THE 7TH |
Albuquerque Isotopes batting - Pitching for Iowa Cubs : RHP Ryohei Uda
|
Batting: RHB Mike Ball
|
0-0: Called Strike 0-1: Ball 1-1: Swinging Strike 1-2: Ball 2-2: Ball 3-2: Base on Balls
|
Batting: RHB Joe LaDue
|
0-0: Called Strike 0-1: Ball 1-1: Sac Bunt to 2L - play at first, batter OUT! 2-3 Mike Ball to second
|
Batting: RHB Logan Morgan
|
0-0: Called Strike 0-1: Ball 1-1: Ball 2-1: Foul Ball, location: 2F 2-2: SINGLE (Groundball, 56S, EV 64.4 MPH) (infield hit) Mike Ball to third
|
Pitching: RHP Harry Poindexter
|
|
Batting: SHB Mitchell Greene
|
0-0: Ball 1-0: Called Strike 1-1: Fielders Choice at 2nd, 4-6 (Groundball, 4, EV 94.4 MPH) Mike Ball scores
|
Batting: LHB Pablo Cardona
|
0-0: Ball 1-0: Foul Ball, location: 2F 1-1: Ball 2-1: Foul Ball, location: 2F 2-2: Strikes out looking
|
Top of the 7th over - 1 run, 1 hit, 0 errors, 1 left on base; Albuquerque 2 - Iowa 3 |
BOTTOM OF THE 7TH |
Iowa Cubs batting - Pitching for Albuquerque Isotopes : RHP Paulo Guincho
|
Batting: RHB Adam Kelliher
|
0-0: Called Strike 0-1: Called Strike 0-2: Ball 1-2: Foul Ball, location: 2F 1-2: Ball 2-2: Foul Ball, location: 2F 2-2: Ball 3-2: Foul Ball, location: 2F 3-2: DOUBLE (Groundball, 3D, EV 93.8 MPH)
|
Batting: LHB Sumiki Okuhara
|
0-0: Called Strike 0-1: Ball 1-1: Bunt missed! 1-2: Ball 2-2: Ball 3-2: Foul Ball, location: 2F 3-2: Base on Balls
|
Batting: RHB Jon Aguilar
|
0-0: Bunt missed! 0-1: Bunted foul 0-2: Ball 1-2: Foul Ball, location: 2F 1-2: Ball 2-2: Ball Passed Ball! Adam Kelliher to third Sumiki Okuhara to second 3-2: Foul Ball, location: 2F 3-2: Base on Balls
|
Batting: LHB Mark Ingram
|
0-0: Called Strike 0-1: Called Strike 0-2: Ball 1-2: Ball 2-2: Ball 3-2: Strikes out looking
|
Batting: RHB Ricardo Aguinaga
|
0-0: Ball 1-0: Ball 2-0: Ball 3-0: Called Strike 3-1: SINGLE (Groundball, 56D, EV 107.5 MPH) Adam Kelliher scores Sumiki Okuhara to third Jon Aguilar to second
|
Batting: SHB Gabriel Cruz
|
0-0: Called Strike 0-1: Grounds into double play, 6-2-3 (Groundball, 6S, EV 68.1 MPH)
|
Bottom of the 7th over - 1 run, 2 hits, 0 errors, 2 left on base; Albuquerque 2 - Iowa 4 |
TOP OF THE 8TH |
Albuquerque Isotopes batting - Pitching for Iowa Cubs : RHP Harry Poindexter
|
Batting: LHB Alfredo de la Cruz
|
0-0: Called Strike 0-1: Ball 1-1: Foul Ball, location: 2F 1-2: Foul Ball, location: 2F 1-2: Ball 2-2: Ball 3-2: Foul Ball, location: 2F 3-2: Base on Balls
|
Batting: RHB Sadataka Kuwahara
|
0-0: Ball 1-0: Grounds into double play, 5-4-3 (Groundball, 56, EV 86.9 MPH)
|
Batting: RHB Chris King
|
0-0: Ball 1-0: Called Strike 1-1: Called Strike 1-2: Strikes out swinging
|
Top of the 8th over - 0 runs, 0 hits, 0 errors, 0 left on base; Albuquerque 2 - Iowa 4 |
BOTTOM OF THE 8TH |
Iowa Cubs batting - Pitching for Albuquerque Isotopes : RHP Paulo Guincho
|
Pitching: RHP Zach Snodgrass
|
|
Batting: RHB Brian Gargis
|
0-0: Ball 1-0: Foul Ball, location: 2F 1-1: Called Strike 1-2: Strikes out looking
|
Batting: RHB Pat Barton
|
0-0: Ball 1-0: Ball 2-0: Foul Ball, location: 2F 2-1: Ball 3-1: Called Strike 3-2: Foul Ball, location: 2F 3-2: Base on Balls
|
Batting: RHB Rich Thurman
|
0-0: Ball 1-0: Ball 2-0: Ball 3-0: Base on Balls Pat Barton to second
|
Batting: RHB Adam Kelliher
|
0-0: Called Strike 0-1: Called Strike 0-2: Foul Ball, location: 2F 0-2: Foul Ball, location: 2F 0-2: Foul Ball, location: 2F 0-2: Grounds into double play, 4-6-3 (Groundball, 4, EV 84.4 MPH)
|
Bottom of the 8th over - 0 runs, 0 hits, 0 errors, 1 left on base; Albuquerque 2 - Iowa 4 |
TOP OF THE 9TH |
Albuquerque Isotopes batting - Pitching for Iowa Cubs : RHP Harry Poindexter
|
Pitching: RHP Josh Ready
|
|
Now at 1B: Tony Mendez
|
|
Batting: SHB Jamel Wright
|
0-0: Called Strike 0-1: Called Strike 0-2: Ball 1-2: Strikes out looking
|
Batting: RHB Mike Ball
|
0-0: Called Strike 0-1: Ground out 5-3 (Groundball, 5, EV 83.1 MPH)
|
Batting: RHB Joe LaDue
|
0-0: Ground out 3-1 (Groundball, 34, EV 83.1 MPH)
|
Top of the 9th over - 0 runs, 0 hits, 0 errors, 0 left on base; Albuquerque 2 - Iowa 4 |
|